 Dungeon Crawl Stone Soup version 0.18.1-48-g4cf74bf (webtiles) character file.

116 keangchong the Skirmisher (level 4, -1/37 HPs)
             Began as a Demonspawn Berserker on Aug 5, 2016.
             Was a Believer of Trog.
             Shot with an arrow by a centaur (6 damage)
             ... on level 5 of the Dungeon.
             The game lasted 00:34:31 (2387 turns).

keangchong the Skirmisher (Demonspawn Berserker)    Turns: 2387, Time: 00:34:31

Health: -1/37      AC: 17    Str: 19    XL:     4   Next: 70%
Magic:  4/4        EV: 12    Int:  8    God:    Trog [**....]
Gold:   152        SH:  0    Dex: 17    Spells: 0 memorised, 3 levels left

rFire  + . .     SeeInvis .     y - +0 mace (protect)
rCold  + . .     Gourm    .     I - +1 plate armour
rNeg   . . .     Faith    .     (no shield)
rPois  +         Spirit   .     o - +1 hat
rElec  +         Dismiss  .     (no cloak)
rCorr  +         Reflect  .     (no gloves)
SustAt .         Harm     .     (no boots)
MR     .....                    (no amulet)
Stlth  ..........               (no ring)
                                (no ring)

@: agile, resistant, very slightly contaminated, hasted, very quick, not
resistant to hostile enchantments, extremely unstealthy
A: nightstalker 1
a: Berserk, Trog's Hand, Burn Spellbooks, Renounce Religion


You were on level 5 of the Dungeon.
You worshipped Trog.
Trog was pleased with you.
You were not hungry.

You visited 1 branch of the dungeon, and saw 5 of its levels.

You collected 152 gold pieces.

Inventory:

Hand Weapons
 a - a +0 falchion
 c - a +0 broad axe
 k - a +0 spear
 m - a +0 dagger
 n - a +0 halberd
 r - a +0 dagger
 s - a +0 war axe
 t - a +0 short sword
 w - a +0 whip
 y - a +0 mace of protection (weapon)
 G - a +0 flail
Missiles
 l - 18 bolts
 q - 32 stones (quivered)
 x - 32 arrows
Armour
 b - a +0 animal skin
 o - a +1 hat (worn)
 z - a +0 robe
 A - a +0 robe
 C - a +0 ring mail
 E - a +0 leather armour
 H - a +0 scale mail
 I - a +1 plate armour (worn)
Scrolls
 e - a scroll of identify
 f - 2 scrolls of magic mapping
Potions
 v - a potion of cancellation
 B - a potion of agility
 J - a potion of haste
Comestibles
 F - 2 bread rations


   Skills:
 + Level 3.9 Fighting
 + Level 3.0 Long Blades
 + Level 0.1(0.4) Axes
 + Level 0.6(0.7) Maces & Flails
 + Level 2.1 Armour
 + Level 2.8 Dodging
 + Level 1.2 Stealth


You had 3 spell levels left.
You didn't know any spells.

Dungeon Overview and Level Annotations

Branches:
Dungeon (5/15)
 Temple: D:4-7

Altars:
Ru

Annotations:
D:1 !
D:4 Eustachio


Innate Abilities, Weirdness & Mutations

You are slightly more attuned to the shadows.


Message History

f - 2 scrolls of magic mapping (gained 1)
The ball python bites you but does no damage.
The ball python constricts you.
You escape the ball python's grasp.
You barely miss the ball python. The ball python barely misses you. x2
You closely miss the ball python. The ball python barely misses you.
The ball python closely misses you.
A centaur comes into view.
The centaur shouts!
You hit the ball python.
You kill the ball python!
Trog accepts your kill.
The centaur wields a shortbow.
The centaur shoots an arrow.
The arrow misses you.
The centaur shoots an arrow.
The arrow hits you!
* * * LOW HITPOINT WARNING * * *
A slave comes into view.
You see here an arrow.
The centaur shoots an arrow.
The arrow hits you.
You die...

# ########
#.#......#
####$#.####.#
pc.c.?.(# #.#
..##.#(.# #.#
#.#..###.#
#...>....#
#.#@)###.#
#.#..# #.# #
...# #§#
...## #§#
..### #§# ##.
#<# .. ###


You could see a centaur.

Vanquished Creatures
  Terence (D:3)
  A gnoll (D:1)
  3 adders
  2 worms (D:3)
  3 dart slugs
  A giant gecko (D:2)
  An orc (D:3)
  A ball python (D:5)
  A giant cockroach (D:1)
  7 hobgoblins
  A quokka (D:2)
  5 bats
  8 goblins
  3 kobolds
  4 rats (D:1)
42 creatures vanquished.

Notes
Turn   | Place    | Note
--------------------------------------------------------------
     0 | D:1      | keangchong the Demonspawn Berserker began the quest for the Orb.
     0 | D:1      | Reached XP level 1. HP: 18/18 MP: 1/1
   211 | D:1      | Gained mutation: You are slightly more attuned to the shadows. [demonic ancestry]
   211 | D:1      | Reached XP level 2. HP: 3/24 MP: 2/2
   741 | D:1      | Reached XP level 3. HP: 23/29 MP: 3/3
  1114 | D:2      | Reached ** piety under Trog
  1923 | D:3      | Found a sacrificial altar of Ru.
  2088 | D:3      | Noticed Terence
  2103 | D:3      | Killed Terence
  2103 | D:3      | Reached XP level 4. HP: 19/37 MP: 4/4
  2202 | D:3      | Reached skill level 1 in Stealth
  2307 | D:4      | Noticed Eustachio
  2328 | D:4      | HP: 1/37 [white imp/puff of frost[Eustachio] (10)]
  2334 | D:5      | Entered Level 5 of the Dungeon
  2383 | D:5      | Noticed a centaur
  2385 | D:5      | Noticed a slave
  2387 | D:5      | Shot with an arrow by a centaur

Skill      XL: |  1  2  3  4 |
---------------+-------------+-----
Armour         | 2 |  2.1
Long Blades    | 3 |  3.0
Dodging        | 2 |  2.8
Stealth        | 1 |  1.2
Fighting       | |  3.9
Axes           | |  0.1
Maces & Flails | |  0.6

Action                   |  1- 3 |  4- 6 || total
-------------------------+-------+-------++-------
Melee: Falchion          |    64 |       ||    64
       Mace              |    45 |    76 ||   121
       War axe           |     5 |       ||     5
Invok: Berserk           |     1 |       ||     1
  Use: Scroll            |     3 |     6 ||     9
       Potion            |     1 |     7 ||     8
 Stab: Sleeping          |     3 |       ||     3
  Eat: Bread ration      |     1 |       ||     1
       Beef jerky        |     1 |       ||     1
Armor: Animal skin       |    26 |       ||    26
       Ring mail         |    15 |     1 ||    16
       Robe              |     3 |       ||     3
       Plate armour      |       |    56 ||    56
Dodge: Dodged            |    97 |    46 ||   143
